 Dungeon Crawl Stone Soup version 0.28-a0-71-g84acfa7270 (webtiles) character file.

Game seed: 17698240228504457165

2241036 Xenophilius the Slayer (level 27, 271/271 HPs)
             Began as a Formicid Berserker on Aug 1, 2021.
             Was the Champion of Trog.
             Escaped with the Orb
             ... and 4 runes on Aug 2, 2021!
             The game lasted 06:17:15 (79635 turns).

Xenophilius the Slayer (Formicid Berserker)        Turns: 79635, Time: 06:17:16

Health: 271/271    AC: 47    Str: 37    XL:     27
Magic:  7/7        EV: 16    Int:  7    God:    Trog [******]
Gold:   2978       SH: 24    Dex: 12    Spells: 26/26 levels left

rFire   + + .      SeeInvis +   b - +9 glaive (antimagic)
rCold   + + +      Faith    .   V - +1 tower shield {rC+}
rNeg    . . .      Spirit   .   o - +12 gold dragon scales
rPois   +          Reflect  .   (helmet unavailable)
rElec   .          Harm     .   S - +4 cloak of Mesul {Str+5 SInv}
rCorr   .          Rampage  .   U - +1 pair of gloves {archery}
Will    ++++.      Clarity  +   l - +1 pair of boots "Neysuem" {+Inv}
Stlth   ..........              I - necklace of Bloodlust {*Rage +Rage Will++ Int-3 Slay+6}
HPRegen 0.55/turn               e - +4 ring of slaying
MPRegen 0.10/turn               v - ring of Palosaezofa {rF+ SInv}

@: studying 3 skills
A: permanent stasis, dig shafts and tunnels, antennae 3, four strong arms,
iridescent scales 1, agile 1, clarity, cold resistance 1, deformed body, robust
1, screaming 2, subdued magic 1, inability to read while threatened
0: Orb of Zot
}: 4/15 runes: decaying, slimy, silver, gossamer
a: Dig, Shaft Self, Renounce Religion, Evoke Invisibility, Trog's Hand, Brothers
in Arms


You escaped.
You worshipped Trog.
Trog was exalted by your worship.
You visited 10 branches of the dungeon, and saw 54 of its levels.
You also visited: Bailey, Gauntlet and Ice Cave.

You collected 10176 gold pieces.
You spent 7198 gold pieces at shops.

Inventory:

Hand Weapons
 a - the +11 glaive "Teor" {vorpal, rC+ Dex+5}
   (Trog gifted it to you on level 14 of the Dungeon)

   It inflicts extra damage upon your enemies.
   Dex:       It affects your dexterity (+5).
   rC:        It protects you from cold.
 b - a +9 antimagic glaive (weapon)
 h - the +6 glaive of the Hummingbird {vorpal, +Blink Str+2 Stlth+}
   (Trog gifted it to you on level 3 of the Depths)

   It inflicts extra damage upon your enemies.
   Str:       It affects your strength (+2).
   +Blink:    It lets you blink.
   Stlth:     It makes you more stealthy.
 N - the +9 spear of Defiance {vamp, Stlth+}
   (You found it on level 5 of the Dungeon)

   It occasionally heals its wielder for a portion of the damage dealt when it
   wounds a living foe.
   Stlth:     It makes you more stealthy.
Missiles
 H - 27 curare-tipped darts
 O - 4 throwing nets (quivered)
 Q - 39 boomerangs
 Y - 30 silver javelins
Armour
 l - the +1 pair of boots "Neysuem" (worn) {+Inv}
   (You acquired it on level 3 of the Depths)

   +Inv:      It lets you turn invisible.
 n - the +4 dragonskin cloak
   (You took it off Tiamat on level 3 of the Realm of Zot)

   It grants the wearer a chance to resist fire, cold, poison, electricity,
   acid, and negative energy.
 o - +12 gold dragon scales (worn)
 z - the +2 pair of boots "Zuuwuir" {rF++ rC+ Int+2 Dex-5}
   (You found it on level 4 of the Depths)

   Int:       It affects your intelligence (+2).
   Dex:       It affects your dexterity (-5).
   rF:        It greatly protects you from fire.
   rC:        It protects you from cold.
 S - the +4 cloak of Mesul (worn) {Str+5 SInv}
   (You found it on level 5 of the Pits of Slime)

   Str:       It affects your strength (+5).
   SInv:      It lets you see invisible.
 U - a +1 pair of gloves of archery (worn)
 V - a +1 tower shield of cold resistance (worn)
Jewellery
 e - a +4 ring of slaying (left hand)
 v - the ring of Palosaezofa (right hand) {rF+ SInv}
   (You found it in a Gauntlet)

   [ring of see invisible]

   rF:        It protects you from fire.
   SInv:      It lets you see invisible.
 F - the amulet of the Four Winds {rN+ Will+++ Clar}
   (You took it off a centaur warrior on level 13 of the Dungeon)

   [amulet of nothing]

   rN:        It protects you from negative energy.
   Clar:      It protects you against confusion.
   Will:      It greatly increases your willpower.
 I - the necklace of Bloodlust (around neck) {*Rage +Rage Will++ Int-3 Slay+6}
   (You bought it in a shop on level 14 of the Dungeon)

   [amulet of nothing]

   It extends the wearer's berserk rage when killing foes.
   Int:       It affects your intelligence (-3).
   Slay:      It affects your accuracy & damage with ranged weapons and melee
   (+6).
   +Rage:     It lets you go berserk.
   *Rage:     It may make you go berserk in combat.
   Will:      It greatly increases your willpower.
 L - the ring "Zuvoosch" {Will+ EV+4 Int+3}
   (You found it on level 5 of the Pits of Slime)

   [ring of evasion]

   EV:        It affects your evasion (+4).
   Int:       It affects your intelligence (+3).
   Will:      It increases your willpower.
 M - the ring "Noavydef" {rElec AC+4 Str-2 Int+4 Stlth+}
   (You bought it in a shop on level 5 of the Depths)

   [ring of protection]

   AC:        It affects your AC (+4).
   Str:       It affects your strength (-2).
   Int:       It affects your intelligence (+4).
   rElec:     It insulates you from electricity.
   Stlth:     It makes you more stealthy.
 W - a ring of resist corrosion
Wands
 g - a wand of paralysis (51)
 j - a wand of iceblast (79)
 u - a wand of acid (51)
 x - a wand of mindburst (90)
 D - a wand of digging (22)
 G - a wand of charming (14)
Scrolls
 c - 4 scrolls of silence
 d - 10 scrolls of fog
 m - 4 scrolls of summoning
 r - 10 scrolls of vulnerability
 A - 6 scrolls of fear
 Z - 4 scrolls of magic mapping
Potions
 i - 6 potions of cancellation
 k - 9 potions of attraction
 p - 11 potions of flight
 q - 17 potions of heal wounds
 w - 8 potions of magic
 y - 2 potions of resistance
 B - 31 potions of curing
 E - 6 potions of might
 P - 3 potions of invisibility
 R - 13 potions of mutation
 T - 11 potions of ambrosia
Miscellaneous
 f - a phial of floods
 s - a phantom mirror
 t - a piece from Xom's chessboard (15/15)
 C - a lightning rod (4/4)
 J - a condenser vane
 K - a tin of tremorstones (2/2)
 X - a box of beasts


   Skills:
 + Level 26.6 Fighting
 - Level 20.0 Polearms
 - Level 16.0 Throwing
 + Level 26.5 Armour
 + Level 21.1 Dodging
 - Level 15.0 Shields
 + Level 18.6 Evocations


You had 26 spell levels left.
You didn't know any spells.
Your spell library was empty.

Dungeon Overview and Level Annotations

Branches:
Dungeon (15/15)            Temple (0/1) D:7            Lair (6/6) D:9
  Swamp (4/4) Lair:4       Spider (4/4) Lair:2        Slime (5/5) Lair:5
    Orc (2/2) D:9             Elf (3/3) Orc:2        Vaults (5/5) D:13
  Crypt (0/3) Vaults:3     Depths (5/5) D:15            Zot (5/5) Depths:5
 Bailey (visited)           IceCv (visited)         Gauntlet (visited)

Altars:
Ashenzari
Cheibriados
Elyvilon
Fedhas
Gozag
Hepliaklqana
Kikubaaqudgha
Makhleb
Okawaru
Qazlal
Ru
Sif Muna
Trog
Vehumet
Wu Jian
Xom
Yredelemnul
Zin
The Shining One
Beogh
Jiyva

Shops:
D:14 =   Orc:1 [   Orc:2 [![*   Vaults:1 !   Vaults:3 ?   Depths:1 :=:
Depths:3 (!=?*   Depths:5 ?!*

Portals:
Hell: Depths:1 Depths:2 Depths:3 Depths:4 Depths:5
Abyss: Lair:2 Depths:4
Pandemonium: Depths:3 Depths:5
Ziggurat: Depths:3

Annotations:
Elf:3 3 runed translucent doors


Innate Abilities, Weirdness & Mutations

You cannot be hasted, slowed, berserked, paralysed or teleported.
You can dig through walls and to a lower floor.
You have a pair of large antennae on your head. (SInv)
Your four strong arms can wield two-handed weapons with a shield.
You are partially covered in iridescent scales. (AC +2)
You are agile. (Dex +2)
You possess an exceptional clarity of mind.
Your flesh is cold resistant. (rC+)
Armour fits poorly on your strangely shaped body.
You are robust. (+10% HP)
You frequently scream uncontrollably at your foes.
Your spells are a little easier to cast, but a little less powerful.
You sometimes lose the ability to read scrolls when taking damage.


Message History

Where to? (Enter - D:1 @ (x,y), ? - help)
You sense a monster nearby.
There is an open door here.
Unknown command.
A shadow demon comes into view.
You reach to attack!
You slice the shadow demon like a ripe choko!!!
The shadow demon's magic leaks into the air.
The shadow demon is severely wounded.
You hear a chilling moan.
The shadow demon falters for a moment.
You reach to attack!
You slash the shadow demon!
The shadow demon's magic leaks into the air.
The shadow demon is almost dead.
The shadow demon falters for a moment.
You reach to attack!
You carve the shadow demon like a ham!!!
You kill the shadow demon!
Trog accepts your kill.
A lorocyproca comes into view.
You chop the lorocyproca into pieces!!!
The lorocyproca is severely wounded.
You slice the lorocyproca!!
The lorocyproca is almost dead.
You block the lorocyproca's attack.
You slice the lorocyproca!!
You kill the lorocyproca!
Trog accepts your kill.
(D) Dungeon (T) Temple (L) Lair (S) Swamp (N) Spider Nest (M) Slime Pits (O) Orcish Mines (E) Elven Halls (V) Vaults (C) Crypt (U) Depths (H) Hell (Z) Zot
Where to? (Enter - D:1 @ (x,y), ? - help)
There is a stone staircase leading up here.
You climb upwards.
There is a stone staircase leading down here.
You see here a +1 short sword of speed.
There is an open door here.
There is a staircase leading out of the dungeon here.
You have escaped!

#........ ## ####..... .# #.....
.# #..... .# ########## #######
#.....
.#######........####.....###.....
....)......≈≈.###.............###
#######....≈≈.#...#......#.####
..............#.@.#......#.#
####..........#...#.≈≈...#.######
..#.............###.≈≈...#.......
#.#..#.......####........#.#####.
#.#..#.#.#################.# #.
..#..#.#.......#.......###.#####.
###....###[#.#.#.#######.........
.......# #.#.#.#.# #.####.###
#####.####.#.#.#.# #......#


There were no monsters in sight!

Vanquished Creatures
  the Royal Jelly (Slime:5)
  A pandemonium lord (Depths:5)
  Tiamat (Zot:3)
  9 orbs of fire
  3 dread liches (Zot:5)
  An ancient lich (Zot:5)
  Mara (Elf:3)
  Mennas (Vaults:4)
  A juggernaut (Depths:5)
  Frederick (Vaults:2)
  3 Killer Klowns (Zot:5)
  A caustic shrike (Depths:4)
  3 curse toes
  11 golden dragons
  Nikola (Spider:4)
  Arachne (Spider:4)
  A Brimstone Fiend (D:15)
  7 electric golems
  2 hellephants (Depths:4)
  22 tentacled monstrosities
  Jorgrun (D:12)
  3 liches
  8 quicksilver dragons
  26 Orb Guardians
  An Ice Fiend (D:9)
  5 titans
  18 acid blobs
  2 deep elf master archers (Elf:3)
  The ghost of eyesofgods1 the Executioner, an adept MiMo of Gozag (Swamp:1)
  3 deep elf blademasters
  7 death cobs
  6 sphinxes
  The ghost of Brandom the Warrior, an adept DrAK of Lugonu (Spider:2)
  5 tengu reavers
  16 shadow dragons
  Kirke (Swamp:3)
  The ghost of Sassenached the Tortoise, an adept GnWn of Gozag (Swamp:1)
  Frances (Swamp:2)
  3 draconian monks (Zot:1)
  10 storm dragons
  Donald (Elf:2)
  10 azure jellies
  15 frost giants
  2 daevas
  6 rockslimes
  A fenstrider witch (Swamp:4)
  5 fire giants
  3 iron dragons
  17 vault wardens
  10 draconian knights
  9 deep elf sorcerers
  2 emperor scorpions (Spider:4)
  Louise (D:14)
  2 draconian shifters
  3 orc warlords
  3 deep elf elementalists
  6 ghost moths
  3 draconian scorchers
  An angel (Depths:2)
  6 war gargoyles
  6 draconian annihilators
  A quicksilver ooze (shapeshifter) (Vaults:5)
  3 draconian stormcallers (Zot:1)
  3 reapers
  A juggernaut skeleton (Depths:3)
  11 ironbound preservers
  15 stone giants
  A caustic shrike skeleton (Depths:3)
  4 vampire knights
  7 quicksilver oozes
  5 dire elephants
  36 very ugly things
  12 spark wasps
  9 black draconians
  12 deep elf annihilators
  5 deep elf demonologists
  6 green draconians
  5 entropy weavers
  11 white draconians
  A lorocyproca (D:2)
  A minotaur (Gauntlet)
  12 purple draconians
  9 yellow draconians
  Azrael (Spider:3)
  8 red draconians
  6 bunyips
  2 eleionomae
  5 deep elf death magi
  Josephine (D:10)
  12 ettins
  The ghost of PeterLawrence the Bludgeoner, a journeyman MiFi of Okawaru (Lair:2)
  2 green deaths (Swamp:4)
  A great orb of eyes (shapeshifter) (Vaults:5)
  2 crystal guardians
  A merfolk javelineer (Depths:2)
  2 merfolk impalers (Depths:5)
  7 deep elf high priests
  17 yaktaur captains
  13 fire dragons
  4 ironbound thunderhulks
  6 rakshasas
  19 great orbs of eyes
  2 peacekeepers
  40 vault guards
  5 spriggan air magi
  4 ice dragons (Depths:4)
  3 ghost crabs
  2 shambling mangroves
  4 catoblepae
  Erolcha (D:12)
  Harold (D:8)
  2 hell beasts (Swamp:4)
  20 hydras
  4 ogre magi
  12 boulder beetles
  30 centaur warriors
  9 ironbound frosthearts
  21 two-headed ogres
  12 tengu warriors
  A death scarab (Gauntlet)
  9 alligators
  20 deep troll earth magi
  10 deep troll shamans
  3 orc high priests (Orc:1)
  12 death yaks
  24 dancing weapons
  3 spriggan berserkers (Depths:4)
  6 ironbound beastmasters
  2 thrashing horrors (Lair:2)
  20 deep elf knights
  11 hell hogs
  A soul eater (Depths:5)
  7 hell knights
  11 iron trolls
  2 skeletal warriors (D:13)
  A sixfirhy (Depths:3)
  3 spriggan druids
  6 glowing orange brains
  64 deep trolls
  2 flayed ghosts
  A death drake (shapeshifter) (D:13)
  10 bog bodies
  3 swamp dragons (Swamp:4)
  A torturous demonspawn (Depths:3)
  13 wizards
  6 lindwurms
  29 deep elf pyromancers
  6 phantasmal warriors
  13 ironbound convokers
  2 shadow demons
  17 harpies
  8 deep elf archers
  A wolf spider (shapeshifter) (Depths:1)
  3 necromancers
  3 shining eyes
  A harpy (shapeshifter) (Elf:2)
  25 deep elf zephyrmancers
  A mana viper (shapeshifter) (Depths:3)
  15 orb spiders
  66 ugly things
  39 wolf spiders
  12 orc knights
  10 cyclopes
  5 will-o-the-wisps
  A frost giant zombie (Depths:3)
  5 manticores
  A worldbinder (Lair:2)
  3 large abominations
  A moth of wrath (shapeshifter) (Elf:2)
  6 oklob plants
  32 moths of wrath
  21 vault sentinels
  7 black mambas
  13 elephants
  An ice statue (IceCv)
  4 torpor snails
  A guardian serpent (shapeshifter) (Depths:1)
  A rust devil (Depths:3)
  2 smoke demons (Depths:1)
  A guardian serpent (Lair:6)
  Joseph (D:10)
  An eye of devastation (Slime:5)
  24 cane toads
  2 gargoyles
  Maggie (D:6)
  An unseen horror (shapeshifter) (D:13)
  An unseen horror (D:13)
  6 rime drakes
  3 orange demons
  4 efreet
  4 kobold demonologists
  A hellwing (Depths:3)
  2 komodo dragons (shapeshifter) (Vaults:5)
  6 komodo dragons
  26 yaktaurs
  Psyche (D:8)
  15 demonic crawlers
  3 freezing wraiths
  4 tengu conjurers
  21 trolls
  A tormentor (Depths:3)
  2 ice devils (Depths:3)
  A red devil (Lair:2)
  36 jumping spiders
  A silent spectre (Vaults:3)
  6 tyrant leeches
  A bloated husk (Swamp:4)
  A jumping spider (shapeshifter) (D:10)
  Grinder (D:5)
  A wind drake (shapeshifter) (D:13)
  11 polar bears
  8 blink frogs
  32 hornets
  118 slime creatures
  2 raiju (Gauntlet)
  A spectral black mamba (Gauntlet)
  9 spriggans
  4 shadows
  An air elemental (Elf:1)
  41 tarantellas
  4 vampires
  2 ynoxinuls (Depths:3)
  7 wraiths
  91 redbacks
  57 yaks
  10 wyverns
  A human (D:8)
  9 water elementals
  8 fire elementals
  13 golden eyes
  8 basilisks
  5 hogs
  A spriggan simulacrum (Depths:3)
  19 vampire mosquitoes
  2 wargs
  13 swamp worms
  Menkaure (D:4)
  3 hell hounds (Spider:3)
  2 acid dragons
  A swamp drake (Swamp:3)
  24 water moccasins
  A hornet zombie (D:4)
  An ice beast (D:6)
  41 orc warriors
  A black bear (D:5)
  A necrophage (D:6)
  26 ogres
  A boggart (Vaults:3)
  21 centaurs
  28 wolves
  3 phantoms
  10 kobold brigands
  A small abomination (Swamp:4)
  2 earth elementals
  4 gnoll sergeants (D:9)
  6 bullfrogs
  A killer bee (D:9)
  3 wights (D:8)
  A howler monkey (D:13)
  3 electric eels
  4 lava snakes
  A bullfrog zombie (D:7)
  A bullfrog skeleton (D:6)
  4 hounds
  19 orc priests
  5 jellies
  2 centaur skeletons
  Ijyb (D:3)
  8 iguanas
  27 orc wizards
  A lightning spire (Gauntlet)
  2 hound skeletons (D:5)
  A howler monkey zombie (D:8)
  Robin (D:3)
  19 gnolls
  10 adders
  A shadow imp (D:7)
  2 white imps
  An ufetubus (D:2)
  A worm (D:3)
  A worm (shapeshifter) (D:15)
  A dart slug (D:1)
  91 orcs
  4 bats
  9 endoplasms
  3 giant cockroaches (D:1)
  28 goblins
  20 hobgoblins
  25 kobolds
  5 quokkas
  10 ball pythons
  7 rats
2519 creatures vanquished.

Vanquished Creatures (collateral kills)
  Saint Roka (Orc:2)
  A deep elf elementalist (Elf:3)
  A cacodemon (Gauntlet)
  A deep elf zephyrmancer (Elf:1)
  A hobgoblin (Bailey)
5 creatures vanquished.

Vanquished Creatures (others)
  A death cob (Zot:5)
  A deep elf elementalist (Elf:3)
  A deep troll earth mage (Vaults:3)
  A hell hog (Depths:4)
  A deep elf knight (Elf:1)
  A gelid demonspawn (Zot:4)
  A deep elf zephyrmancer (Elf:1)
  A moth of wrath (Zot:4)
  A slime creature (D:14)
  A human (Swamp:4)
  A hog (Swamp:4)
  A vampire mosquito (Swamp:4)
  An orc warrior (Vaults:5)
  An orc wizard (Vaults:5)
  A bush (Lair:6)
  14 foxfires
  44 fungi
  60 plants
133 creatures vanquished.

Grand Total: 2657 creatures vanquished

Notes
Turn   | Place    | Note
-------+----------+-------------------------------------------
     0 | D:1      | Xenophilius the Formicid Berserker began the quest for the
                  | Orb.
     0 | D:1      | Reached XP level 1. HP: 18/18 MP: 1/1
   340 | D:1      | Reached XP level 2. HP: 24/24 MP: 2/2
   758 | D:1      | Reached XP level 3. HP: 24/29 MP: 3/3
  1501 | D:2      | Reached XP level 4. HP: 30/37 MP: 4/4
  2169 | D:2      | Reached ** piety under Trog
  2588 | D:3      | Noticed Robin
  2616 | D:3      | Killed Robin
  2617 | D:3      | Reached XP level 5. HP: 16/42 MP: 5/5
  2904 | D:3      | Found a radiant altar of Vehumet.
  3210 | D:3      | Noticed Ijyb
  3268 | D:3      | Killed Ijyb
  3897 | D:4      | Noticed a phantom
  3926 | D:3      | Killed a phantom
  3927 | D:3      | Reached skill level 5 in Polearms
  3927 | D:3      | Reached XP level 6. HP: 26/49 MP: 6/6
  4071 | D:4      | Noticed Menkaure
  4133 | D:4      | Found a shimmering altar of Xom.
  4824 | D:4      | Reached XP level 7. HP: 55/55 MP: 7/7
  5172 | D:4      | Found a glowing golden altar of the Shining One.
  5243 | D:4      | Found a burning altar of Makhleb.
  5277 | D:4      | Killed Menkaure
  5278 | D:4      | Reached skill level 5 in Fighting
  5524 | D:4      | Noticed a balrug
  5528 | D:4      | Noticed a ynoxinul
  5528 | D:4      | Noticed a hellwing
  6092 | D:5      | Entered Level 5 of the Dungeon
  6737 | D:5      | Reached XP level 8. HP: 49/63 MP: 8/8
  6809 | D:5      | Found a snail-covered altar of Cheibriados.
  7121 | D:5      | Reached *** piety under Trog
  7122 | D:5      | Reached skill level 5 in Armour
  7170 | D:5      | Found a blossoming altar of Fedhas.
  7837 | D:5      | Identified the +9 spear of Defiance {vamp, Stlth+}
  7853 | D:5      | Found a sacrificial altar of Ru.
  7853 | D:5      | Found a glowing silver altar of Zin.
  7853 | D:5      | Found an ancient bone altar of Kikubaaqudgha.
  7961 | D:5      | Noticed Grinder
  7982 | D:5      | Killed Grinder
  8402 | D:6      | Reached XP level 9. HP: 66/71 MP: 9/9
  8871 | D:6      | Found an opulent altar of Gozag.
  8895 | D:6      | Noticed Maggie
  8926 | D:6      | Killed Maggie
  8966 | D:6      | Found a broken altar of Ashenzari.
  9287 | D:7      | Found a flagged portal.
  9314 | Bailey   | Entered a bailey
  9403 | Bailey   | Reached skill level 1 in Evocations
  9731 | Bailey   | Reached XP level 10. HP: 76/80 MP: 7/10
  9793 | Bailey   | Reached **** piety under Trog
 10134 | Bailey   | Reached skill level 5 in Dodging
 10134 | Bailey   | Reached skill level 5 in Evocations
 10134 | Bailey   | Reached XP level 11. HP: 89/89 MP: 11/11
 10193 | Bailey   | Noticed an orc knight
 10217 | Bailey   | Killed an orc knight
 10231 | Bailey   | Noticed an orc knight
 10373 | Bailey   | Noticed an orc warlord
 10413 | Bailey   | Noticed an orc knight
 10447 | Bailey   | Killed an orc knight
 10448 | Bailey   | Noticed an orc knight
 10452 | Bailey   | Killed an orc knight
 10575 | Bailey   | Killed an orc warlord
 10850 | Bailey   | Killed an orc knight
 10897 | D:7      | Acquired the +1 cloak of Dim Light {rN+++ Int+7}
 11014 | D:7      | Found an iron altar of Okawaru.
 11266 | D:7      | Found a staircase to the Ecumenical Temple.
 11744 | D:7      | Found a shimmering blue altar of Sif Muna.
 11788 | D:8      | Found a white marble altar of Elyvilon.
 11801 | D:8      | Reached skill level 1 in Shields
 11849 | D:8      | Noticed Psyche
 11866 | D:8      | Killed Psyche
 11960 | D:8      | Reached skill level 10 in Fighting
 11971 | D:8      | Reached ***** piety under Trog
 11977 | D:8      | Acquired a manual of Polearms
 12183 | D:8      | Reached XP level 12. HP: 97/97 MP: 9/12
 12223 | D:8      | Noticed Harold
 12227 | D:8      | Received a gift from Trog
 12247 | D:8      | Killed Harold
 12248 | D:8      | Reached skill level 10 in Armour
 12637 | D:8      | Found a basalt altar of Yredelemnul.
 12819 | D:8      | Found a hazy altar of Hepliaklqana.
 12987 | D:9      | Found a staircase to the Orcish Mines.
 13134 | D:9      | Reached skill level 5 in Shields
 13303 | D:9      | Found a staircase to the Lair.
 13990 | D:10     | Entered Level 10 of the Dungeon
 14076 | D:10     | Noticed Sonja
 14080 | D:10     | Noticed Sonja
 14080 | D:10     | Sonja changed into Sonja the shapeshifter
 14085 | D:10     | Noticed Sonja
 14096 | D:10     | Killed Sonja the jumping spider
 14155 | D:10     | Noticed a two-headed ogre
 14163 | D:10     | Killed a two-headed ogre
 14270 | D:10     | Noticed a two-headed ogre
 14296 | D:10     | Killed a two-headed ogre
 14410 | D:10     | Noticed Joseph
 14435 | D:10     | Killed Joseph
 14623 | D:10     | Noticed Josephine
 14656 | D:10     | Killed Josephine
 14657 | D:10     | Reached XP level 13. HP: 101/106 MP: 13/13
 14952 | D:11     | Found a frozen archway.
 15107 | IceCv    | Entered an ice cave
 15155 | IceCv    | Received a gift from Trog
 15826 | IceCv    | Noticed an ironbound frostheart
 15836 | IceCv    | Killed an ironbound frostheart
 15962 | IceCv    | Noticed an ironbound frostheart
 15980 | IceCv    | Killed an ironbound frostheart
 16827 | D:11     | Reached XP level 14. HP: 118/118 MP: 14/14
 17090 | D:12     | Noticed Erolcha
 17103 | D:12     | Killed Erolcha
 17117 | D:12     | Found a gate leading to a gauntlet.
 17144 | Gauntlet | Entered a Gauntlet
 17144 | Gauntlet | Found a transporter.
 17144 | Gauntlet | Found a transporter.
 17150 | Gauntlet | Found a transporter.
 17155 | Gauntlet | Found a transporter.
 17155 | Gauntlet | Found a transporter.
 17155 | Gauntlet | Found a transporter.
 17189 | Gauntlet | Found a transporter.
 17192 | Gauntlet | Found a transporter.
 17192 | Gauntlet | Found a transporter.
 17195 | Gauntlet | Noticed a cacodemon
 17198 | Gauntlet | Found a runed translucent door.
 17198 | Gauntlet | Found a runed translucent door.
 17205 | Gauntlet | Found a transporter.
 17220 | Gauntlet | Found a runed translucent gate.
 17221 | Gauntlet | Found a transporter.
 17221 | Gauntlet | Found a runed translucent gate.
 17222 | Gauntlet | Found a runed translucent gate.
 17233 | Gauntlet | Found a transporter.
 17252 | Gauntlet | Found a transporter.
 17273 | Gauntlet | Found a transporter.
 17353 | Gauntlet | Received a gift from Trog
 17359 | Gauntlet | Identified the +0 cloak of Misanthropy {Dex+4}
 17466 | Gauntlet | Killed a cacodemon
 17469 | Gauntlet | Identified the ring of Palosaezofa {rF+ SInv}
 17510 | Gauntlet | Noticed a minotaur
 17536 | Gauntlet | Killed a minotaur
 17702 | Lair:1   | Entered Level 1 of the Lair of Beasts
 18236 | Lair:1   | Found a runed translucent door.
 18408 | Lair:1   | Reached skill level 10 in Shields
 18463 | Lair:1   | Identified the +2 whip of Trauma {flame, rC+}
 18465 | Lair:1   | Found a runed translucent gate.
 18465 | Lair:1   | Found a runed translucent gate.
 18465 | Lair:1   | Found a runed translucent gate.
 18465 | Lair:1   | Found a runed translucent gate.
 18465 | Lair:1   | Found a runed translucent gate.
 18466 | Lair:1   | Found a runed translucent gate.
 19336 | Lair:2   | Found a hole to the Spider Nest.
 19555 | Lair:2   | Found a transporter.
 19556 | Lair:2   | Noticed a purple very ugly thing
 19582 | Lair:2   | Found a transporter.
 19597 | Lair:2   | Found a one-way gate to the infinite horrors of the Abyss.
 19597 | Lair:2   | Noticed PeterLawrence's ghost (journeyman MiFi)
 21256 | Lair:4   | Received a gift from Trog
 21370 | Lair:4   | Reached XP level 15. HP: 122/125 MP: 12/15
 21728 | Lair:4   | Found a staircase to the Swamp.
 21783 | Lair:4   | Reached skill level 15 in Polearms
 21919 | Lair:4   | You are sucked into a shaft and drop 2 floors!
 21919 | Lair:6   | Entered Level 6 of the Lair of Beasts
 22349 | Lair:5   | Identified the +9 broad axe "Wihuutex" {speed, rElec Str+3}
 22986 | Lair:5   | Found a staircase to the Slime Pits.
 23621 | Lair:6   | Reached ****** piety under Trog
 23956 | Lair:6   | Received a gift from Trog
 24582 | Lair:6   | Reached XP level 16. HP: 129/134 MP: 16/16
 25200 | Orc:1    | Entered Level 1 of the Orcish Mines
 25207 | Orc:1    | Found Qegatro's Armour Boutique.
 25229 | Orc:1    | Bought a +1 pair of gloves of strength for 231 gold pieces
 25345 | Orc:2    | Entered Level 2 of the Orcish Mines
 25345 | Orc:2    | Noticed Saint Roka
 25665 | Orc:1    | Found a transporter.
 25842 | Orc:1    | Found a transporter.
 26149 | Orc:2    | Received a gift from Trog
 26183 | Orc:2    | Found Ynaelila's Distillery.
 26388 | Orc:2    | Reached skill level 15 in Fighting
 26437 | Orc:2    | Found Caotoss's Assorted Antiques.
 26450 | Orc:2    | Found Ularchocs's Armour Emporium.
 26457 | Orc:2    | Bought an orange potion for 31 gold pieces
 26457 | Orc:2    | Bought a scroll of identify for 70 gold pieces
 26462 | Orc:2    | Found Gowit's Armour Boutique.
 26582 | Orc:2    | Found a staircase to the Elven Halls.
 26776 | Orc:2    | Killed Saint Roka
 27579 | D:12     | Reached skill level 15 in Armour
 27763 | D:12     | Identified the +1 chain mail of the Demon Prince {Regen+
                  | Slay+3 Stlth+}
 27882 | D:12     | Noticed Nessos
 27883 | D:12     | Noticed Nessos
 27883 | D:12     | Nessos changed into Nessos the spriggan
 27890 | D:12     | Killed Nessos the spriggan
 27988 | D:12     | Noticed Jorgrun
 28008 | D:12     | Killed Jorgrun
 28394 | D:13     | Reached XP level 17. HP: 142/142 MP: 17/17
 29178 | D:13     | Found a gate to the Vaults.
 29233 | D:13     | Received a gift from Trog
 29309 | D:13     | Identified the +4 spear of the Leaping Sybil {freeze,
                  | Int+4}
 31330 | D:14     | Found Baomomp's Jewellery Shoppe.
 31337 | D:14     | Identified the +11 glaive "Teor" {vorpal, rC+ Dex+5} (Trog
                  | gifted it to you on level 14 of the Dungeon)
 31337 | D:14     | Received a gift from Trog
 31526 | D:14     | Found a stormy altar of Qazlal.
 31774 | D:13     | Reached XP level 18. HP: 151/151 MP: 18/18
 31989 | D:14     | Noticed Louise
 32024 | D:14     | Killed Louise
 32025 | D:14     | Reached skill level 1 in Throwing
 32511 | D:15     | Entered Level 15 of the Dungeon
 32618 | D:15     | Identified the +1 leather armour of Lekaef {Rampage rElec
                  | Stlth+}
 32641 | D:15     | Found a hazy altar of Hepliaklqana.
 33213 | D:15     | Found a staircase to the Depths.
 33463 | D:15     | Received a gift from Trog
 33797 | Spider:1 | Entered Level 1 of the Spider Nest
 34722 | Spider:1 | Received a gift from Trog
 34907 | Spider:2 | Reached skill level 5 in Throwing
 35104 | Spider:2 | Reached XP level 19. HP: 157/157 MP: 19/19
 35325 | Spider:2 | Found a runed translucent door.
 35325 | Spider:2 | Noticed Brandom's ghost (adept DrAK)
 35680 | Spider:3 | Received a gift from Trog
 36254 | Spider:3 | Noticed Azrael
 36258 | Spider:3 | Killed Azrael
 36524 | Spider:4 | Entered Level 4 of the Spider Nest
 36856 | Spider:4 | Received a gift from Trog
 36964 | Spider:4 | Noticed Nikola
 36987 | Spider:4 | Killed Nikola
 37365 | Spider:4 | Noticed Arachne
 37391 | Spider:4 | Killed Arachne
 38058 | Spider:4 | Received a gift from Trog
 38543 | Spider:4 | Reached skill level 10 in Evocations
 38543 | Spider:4 | Reached XP level 20. HP: 166/166 MP: 0/20
 38598 | Spider:4 | Got a gossamer rune of Zot
 38881 | Swamp:1  | Entered Level 1 of the Swamp
 39106 | Lair:4   | Reached skill level 15 in Shields
 39324 | Swamp:1  | Found a runed translucent gate.
 39324 | Swamp:1  | Found a runed translucent gate.
 39324 | Swamp:1  | Noticed Sassenached's ghost (adept GnWn)
 39325 | Swamp:1  | Found a runed translucent gate.
 39326 | Swamp:1  | Noticed eyesofgods1's ghost (adept MiMo)
 39482 | Swamp:1  | Received a gift from Trog
 39836 | Swamp:2  | Identified the +2 quarterstaff of the Lame Duck {flame,
                  | rN++ Dex-3}
 39864 | Swamp:2  | Noticed Frances
 40051 | Swamp:2  | Killed Frances
 41036 | Swamp:3  | Found a shimmering blue altar of Sif Muna.
 41365 | Swamp:4  | Entered Level 4 of the Swamp
 41367 | Swamp:4  | Noticed Kirke
 41377 | Swamp:3  | Killed Kirke
 41414 | Swamp:3  | Reached skill level 10 in Throwing
 42299 | Swamp:4  | Reached skill level 10 in Dodging
 42402 | Swamp:4  | Reached XP level 21. HP: 175/175 MP: 15/21
 42512 | Swamp:4  | Got a decaying rune of Zot
 42683 | Swamp:4  | Received a gift from Trog
 42997 | Elf:1    | Entered Level 1 of the Elven Halls
 43642 | Elf:1    | Received a gift from Trog
 44026 | Elf:2    | Noticed Donald
 44044 | Elf:2    | Killed Donald
 44351 | Elf:2    | Found a runed translucent gate.
 44352 | Elf:2    | Found a runed translucent gate.
 44352 | Elf:2    | Found a runed translucent gate.
 44468 | Elf:2    | Received a gift from Trog
 45482 | Elf:3    | Entered Level 3 of the Elven Halls
 45549 | Elf:3    | Noticed Mara
 45584 | Elf:3    | Killed Mara
 45585 | Elf:3    | Reached XP level 22. HP: 137/185 MP: 7/22
 45925 | Elf:3    | Identified the +1 leather armour of the Wasteland {rF+
                  | Stlth+}
 45938 | Elf:2    | Found a shimmering blue altar of Sif Muna.
 45953 | Elf:3    | Found a runed translucent gate.
 45953 | Elf:3    | Found a runed translucent gate.
 45954 | Elf:3    | Found a runed translucent gate.
 46270 | Elf:3    | Received a gift from Trog
 46656 | Elf:3    | Identified the +8 rapier of the Shore {drain, Str+6}
 46729 | Elf:3    | Identified the ring "Keyghomi" {rPois rN+ Will+ AC+4 Int-4}
 46850 | Elf:3    | Identified the +0 helmet "Quvur" {rF+ Dex+4}
 47404 | Vaults:1 | Entered Level 1 of the Vaults
 48072 | Vaults:1 | Identified the +8 trident "Hell-Harrower" {flame, *Rage
                  | Will- Dex+8 SInv} (Trog gifted it to you on level 1 of the
                  | Vaults)
 48072 | Vaults:1 | Received a gift from Trog
 48183 | Vaults:1 | Found Hutoxan's Distillery.
 48946 | Vaults:2 | Reached XP level 23. HP: 180/194 MP: 23/23
 49198 | Vaults:2 | Noticed Frederick
 49216 | Vaults:2 | Killed Frederick
 49727 | Vaults:2 | Received a gift from Trog
 50359 | Vaults:3 | Reached skill level 15 in Throwing
 50451 | Vaults:3 | Received a gift from Trog
 50720 | Vaults:3 | Reached XP level 24. HP: 203/203 MP: 23/23
 51196 | Vaults:3 | Found Riori's Magic Scroll Shop.
 51292 | Vaults:3 | Found a transporter.
 51298 | Vaults:3 | Found a transporter.
 51345 | Vaults:3 | Found a bloodstained altar of Trog.
 51346 | Vaults:3 | Found the +8 Wrath of Trog {antimagic, *Rage Rampage}
 51453 | Vaults:3 | Found a runed translucent door.
 51500 | Vaults:3 | Identified the +2 great sword of a volcano {speed, rN+
                  | Int-2 Dex+3}
 51501 | Vaults:3 | Identified the +9 plate armour of Teumn {rN+ Will+ Stlth+}
 51606 | Vaults:3 | Found a staircase to the Crypt.
 51606 | Vaults:3 | Found a basalt altar of Yredelemnul.
 51607 | Vaults:3 | Found an ancient bone altar of Kikubaaqudgha.
 52298 | Vaults:4 | Received a gift from Trog
 52609 | Vaults:4 | Noticed Mennas
 52652 | Vaults:4 | Killed Mennas
 53262 | Vaults:4 | Noticed a golden dragon
 53262 | Vaults:4 | an iron dragon changed into a golden dragon
 53263 | Vaults:4 | a golden dragon changed into a shadow dragon
 53289 | Vaults:5 | Entered Level 5 of the Vaults
 53474 | Vaults:4 | Received a gift from Trog
 53780 | Vaults:4 | Reached XP level 25. HP: 124/212 MP: 23/23
 54480 | Vaults:5 | Received a gift from Trog
 55373 | Orc:2    | Bought a scroll of enchant armour for 262 gold pieces
 55374 | Orc:2    | Bought a pair of runed boots for 262 gold pieces
 56523 | Vaults:5 | Identified the ring of Askyom {rN+ Slay+2 SInv}
 56691 | Vaults:5 | Got a silver rune of Zot
 56731 | Vaults:5 | Reached skill level 15 in Dodging
 56793 | Vaults:5 | Identified the +12 longbow of True Grit {venom, rElec rPois
                  | rC+}
 57315 | Vaults:5 | Identified the +10 trident "Wony" {vorpal, Stlth+} (Trog
                  | gifted it to you on level 5 of the Vaults)
 57315 | Vaults:5 | Received a gift from Trog
 57765 | Vaults:5 | Reached XP level 26. HP: 211/223 MP: 23/23
 57850 | Vaults:5 | Identified the +0 spear "Byocw" {vorpal, Fly rF++ rC+
                  | Int-3}
 57888 | Vaults:5 | Identified the +1 leather armour "Fanoonuopp" {Str+6}
 57900 | Vaults:5 | Identified the +9 short sword "Cigaogga" {freeze, SInv}
 57996 | Vaults:5 | Identified the +1 ring mail of Hysteria {rPois rF+}
 59223 | Orc:1    | Bought the +0 cloak of Beyond {Rampage Will- rCorr Dex+5}
                  | for 327 gold pieces
 59498 | Slime:1  | Entered Level 1 of the Pits of Slime
 59796 | Slime:5  | Entered Level 5 of the Pits of Slime
 60169 | Slime:5  | Received a gift from Trog
 60284 | Slime:4  | Gained mutation: Your spells are a little harder to cast,
                  | but a little more powerful. [a shining eye]
 60285 | Slime:4  | Gained mutation: You occasionally shout uncontrollably at
                  | your foes. [a shining eye]
 60823 | Slime:5  | Noticed the Royal Jelly
 61262 | Slime:5  | Found a viscous altar of Jiyva.
 61323 | Slime:5  | Killed the Royal Jelly
 61780 | Slime:5  | Identified the +2 glaive of Diycemu {flame, Dex+5}
 61785 | Slime:5  | Identified the +0 leather armour of Fallacy {rF+}
 61795 | Slime:5  | Got a slimy rune of Zot
 61798 | Slime:5  | Identified the +9 fustibalus "Embalmer" {vorpal, Dex+6}
 61802 | Slime:5  | Identified the +6 broad axe of the Unliving {drain, rF+}
 61815 | Slime:5  | Identified the +4 cloak of Mesul {Str+5 SInv}
 61849 | Slime:5  | Identified the ring "Zuvoosch" {Will+ EV+4 Int+3}
 61856 | Slime:5  | Identified the ring of Mohuicadu {Fly Str+4}
 61863 | Slime:5  | Identified the +1 flail of Bawirch {freeze, rElec Str+3
                  | Dex-4}
 61871 | Slime:5  | Identified the +7 whip "Leskut" {spect, rElec}
 61902 | Slime:5  | Identified the +6 scythe of the Grave {freeze, rC+ Will+
                  | Dex+2}
 62067 | Lair:2   | Killed PeterLawrence's ghost
 62593 | Spider:2 | Killed Brandom's ghost
 62594 | Spider:2 | Reached XP level 27. HP: 233/233 MP: 23/23
 62749 | Swamp:1  | Killed Sassenached's ghost
 62759 | Swamp:1  | Killed eyesofgods1's ghost
 62773 | Swamp:1  | Identified the +1 ring mail "Huaviupec" {rN+ rCorr Str-3
                  | Dex+4}
 63060 | Orc:1    | Received a gift from Trog
 63320 | Orc:2    | Bought a potion of cancellation for 80 gold pieces
 63320 | Orc:2    | Bought a potion of heal wounds for 50 gold pieces
 63320 | Orc:2    | Bought a potion of heal wounds for 50 gold pieces
 63320 | Orc:2    | Bought a potion of ambrosia for 80 gold pieces
 63320 | Orc:2    | Bought a potion of heal wounds for 50 gold pieces
 63325 | Orc:2    | Bought a potion of curing for 105 gold pieces
 63569 | Vaults:1 | Bought a potion of curing for 45 gold pieces
 63569 | Vaults:1 | Bought a potion of curing for 45 gold pieces
 63569 | Vaults:1 | Bought a potion of heal wounds for 75 gold pieces
 63569 | Vaults:1 | Bought a potion of curing for 45 gold pieces
 63569 | Vaults:1 | Bought a potion of curing for 45 gold pieces
 63569 | Vaults:1 | Bought a potion of mutation for 120 gold pieces
 63569 | Vaults:1 | Bought a potion of mutation for 120 gold pieces
 63569 | Vaults:1 | Bought a potion of mutation for 120 gold pieces
 63654 | Vaults:3 | Bought a scroll of silence for 90 gold pieces
 64091 | Depths:1 | Entered Level 1 of the Depths
 64564 | Depths:1 | Found a gateway to Hell.
 64696 | Depths:1 | Found Teukirph's Book Emporium.
 64697 | Depths:1 | Found Huvvaoco's Jewellery Boutique.
 64698 | Depths:1 | Found Hoasepae's Book Emporium.
 65367 | Depths:2 | Received a gift from Trog
 66226 | Depths:3 | Found a gateway to a ziggurat.
 66628 | Depths:3 | Found Zocuov's Assorted Antiques.
 66722 | Depths:3 | Found a blossoming altar of Fedhas.
 67100 | Depths:3 | Identified the +6 glaive of the Hummingbird {vorpal, +Blink
                  | Str+2 Stlth+} (Trog gifted it to you on level 3 of the
                  | Depths)
 67100 | Depths:3 | Received a gift from Trog
 67406 | Depths:3 | Found Vups's Jewellery Boutique.
 67406 | Depths:3 | Found Nyul's Distillery.
 67407 | Depths:3 | Found Gailewa's Weapon Shop.
 67411 | Depths:3 | Found Qiakhlus's Magic Scroll Boutique.
 67414 | Depths:3 | Bought a potion of mutation for 120 gold pieces
 67414 | Depths:3 | Bought a potion of curing for 45 gold pieces
 67414 | Depths:3 | Bought a potion of invisibility for 120 gold pieces
 67417 | Depths:3 | Bought a scroll of summoning for 152 gold pieces
 67417 | Depths:3 | Bought a scroll of acquirement for 832 gold pieces
 67417 | Depths:3 | Bought a scroll of enchant armour for 120 gold pieces
 67417 | Depths:3 | Bought a scroll of fog for 32 gold pieces
 67418 | Depths:3 | Acquired the +1 pair of boots "Neysuem" {+Inv}
 67551 | Depths:3 | Found a one-way gate leading to the halls of Pandemonium.
 67814 | Depths:3 | Bought a potion of resistance for 330 gold pieces
 67814 | Depths:3 | Bought a potion of might for 132 gold pieces
 67814 | Depths:3 | Bought a pair of embroidered gloves for 247 gold pieces
 68067 | Depths:4 | Received a gift from Trog
 68180 | Depths:4 | Found a blossoming altar of Fedhas.
 68625 | Depths:4 | Acquired 595 gold pieces
 68829 | Depths:4 | Identified the +1 chain mail of Dishonesty {Harm rF+ rN++
                  | SInv}
 68886 | Depths:4 | Identified the -1 pair of boots of Yruyjy {rF+ Will+ Regen+
                  | Str-5}
 68887 | Depths:4 | Identified the +2 pair of boots "Zuuwuir" {rF++ rC+ Int+2
                  | Dex-5}
 69070 | Depths:4 | Received a gift from Trog
 69418 | Depths:4 | Found an ornate altar of the Wu Jian Council.
 69643 | Depths:5 | Entered Level 5 of the Depths
 70332 | Depths:5 | Found a gate to the Realm of Zot.
 70531 | Depths:5 | Found a white marble altar of Elyvilon.
 70851 | Depths:5 | Found Xionaps's Assorted Antiques.
 70853 | Depths:5 | Found Heluemm's Distillery.
 70855 | Depths:5 | Found Ilipipli's Magic Scroll Boutique.
 70859 | Depths:5 | Bought a polished kite shield for 418 gold pieces
 70859 | Depths:5 | Identified the -6 kite shield of Dishonour {rPois rC+ Will-
                  | SInv} (You bought it in a shop on level 5 of the Depths)
 70859 | Depths:5 | Bought a wand of mindburst (11) for 176 gold pieces
 70859 | Depths:5 | Bought a scintillating pewter ring for 220 gold pieces
 70859 | Depths:5 | Identified the ring "Noavydef" {rElec AC+4 Str-2 Int+4
                  | Stlth+} (You bought it in a shop on level 5 of the Depths)
 70859 | Depths:5 | Bought a pair of runed gloves for 330 gold pieces
 70865 | Depths:5 | Bought 2 potions of heal wounds for 210 gold pieces
 70865 | Depths:5 | Bought a potion of curing for 63 gold pieces
 70865 | Depths:5 | Bought a potion of curing for 63 gold pieces
 70865 | Depths:5 | Bought a potion of heal wounds for 105 gold pieces
 70865 | Depths:5 | Bought a potion of curing for 63 gold pieces
 70865 | Depths:5 | Bought a potion of curing for 63 gold pieces
 70865 | Depths:5 | Bought a potion of ambrosia for 168 gold pieces
 70865 | Depths:5 | Bought a potion of curing for 63 gold pieces
 70865 | Depths:5 | Bought a potion of flight for 63 gold pieces
 70867 | Depths:5 | Bought a scroll of silence for 112 gold pieces
 71000 | Depths:5 | Noticed a juggernaut
 71006 | Depths:5 | Killed a juggernaut
 71295 | Depths:5 | Lost mutation: Your spells are a little harder to cast, but
                  | a little more powerful. [potion of mutation]
 71295 | Depths:5 | Lost mutation: You occasionally shout uncontrollably at
                  | your foes. [potion of mutation]
 71295 | Depths:5 | Gained mutation: Your body sometimes deteriorates upon
                  | taking damage. [potion of mutation]
 71295 | Depths:5 | Gained mutation: Your flesh is cold resistant. (rC+)
                  | [potion of mutation]
 71295 | Depths:5 | Gained mutation: You occasionally shout uncontrollably at
                  | your foes. [potion of mutation]
 71295 | Depths:5 | Gained mutation: You are covered in fur. (AC +1) [potion of
                  | mutation]
 71296 | Depths:5 | Lost mutation: Your body sometimes deteriorates upon taking
                  | damage. [potion of mutation]
 71296 | Depths:5 | Lost mutation: You occasionally shout uncontrollably at
                  | your foes. [potion of mutation]
 71296 | Depths:5 | Lost mutation: You are covered in fur. (AC +1) [potion of
                  | mutation]
 71296 | Depths:5 | Gained mutation: You possess an exceptional clarity of
                  | mind. [potion of mutation]
 71296 | Depths:5 | Gained mutation: You are agile. (Dex +2) [potion of
                  | mutation]
 71296 | Depths:5 | Gained mutation: Your spells are a little easier to cast,
                  | but a little less powerful. [potion of mutation]
 71296 | Depths:5 | Gained mutation: You are robust. (+10% HP) [potion of
                  | mutation]
 71460 | D:14     | Bought the necklace of Bloodlust {*Rage +Rage Will++ Int-3
                  | Slay+6} for 648 gold pieces
 71460 | D:14     | Found the necklace of Bloodlust {*Rage +Rage Will++ Int-3
                  | Slay+6}
 71679 | Zot:1    | Entered Level 1 of the Realm of Zot
 71711 | Zot:1    | Received a gift from Trog
 73053 | Zot:1    | Received a gift from Trog
 73576 | Zot:2    | Noticed an orb of fire
 73591 | Zot:2    | Killed an orb of fire
 73592 | Zot:2    | Reached skill level 15 in Evocations
 74053 | Zot:3    | Found the +4 dragonskin cloak
 74053 | Zot:3    | Noticed Tiamat
 74081 | Zot:3    | Killed Tiamat
 75807 | Zot:4    | Received a gift from Trog
 76285 | Zot:4    | Noticed an orb of fire
 76398 | Zot:5    | Entered Level 5 of the Realm of Zot
 76545 | Zot:5    | Noticed a Killer Klown
 76556 | Zot:5    | Killed a Killer Klown
 77251 | Zot:5    | Noticed a dread lich
 77260 | Zot:5    | Killed a dread lich
 77370 | Zot:5    | Noticed an orb of fire
 77378 | Zot:5    | Noticed an ancient lich
 77379 | Zot:5    | Gained mutation: You sometimes lose the ability to read
                  | scrolls when taking damage. [an orb of fire]
 77393 | Zot:5    | Killed an orb of fire
 77397 | Zot:5    | Killed an ancient lich
 77400 | Zot:5    | Received a gift from Trog
 77688 | Zot:5    | Noticed an orb of fire
 77688 | Zot:5    | Noticed a Killer Klown
 77688 | Zot:5    | Noticed an orb of fire
 77689 | Zot:5    | Noticed an orb of fire
 77699 | Zot:5    | Gained mutation: Armour fits poorly on your strangely
                  | shaped body. [an orb of fire]
 77701 | Zot:5    | Gained mutation: You are partially covered in iridescent
                  | scales. (AC +2) [an orb of fire]
 77706 | Zot:5    | Noticed an orb of fire
 77707 | Zot:5    | Killed an orb of fire
 77708 | Zot:5    | Killed an orb of fire
 77712 | Zot:5    | Killed an orb of fire
 77713 | Zot:5    | Killed an orb of fire
 77723 | Zot:5    | Noticed a dread lich
 77726 | Zot:5    | Noticed a dread lich
 77748 | Zot:5    | Killed a dread lich
 77757 | Zot:5    | Killed a dread lich
 77788 | Zot:5    | Killed a Killer Klown
 77941 | Zot:5    | Noticed a Killer Klown
 77951 | Zot:5    | Killed a Killer Klown
 78258 | Zot:5    | Noticed an orb of fire
 78262 | Zot:5    | Gained mutation: You occasionally shout uncontrollably at
                  | your foes. [an orb of fire]
 78270 | Zot:5    | Killed an orb of fire
 78356 | Zot:5    | Noticed an orb of fire
 78359 | Zot:5    | Gained mutation: You frequently scream uncontrollably at
                  | your foes. [an orb of fire]
 78365 | Zot:5    | Killed an orb of fire
 78559 | Zot:5    | Noticed an orb of fire
 78570 | Zot:5    | Killed an orb of fire
 78987 | Zot:5    | Got the Orb of Zot
 79032 | Zot:5    | Noticed Mympulam the pandemonium lord
 79170 | Depths:5 | Noticed Nymonuod the pandemonium lord
 79179 | Depths:5 | Killed Nymonuod the pandemonium lord
 79635 | D:$      | Escaped with the Orb!

Illustrated notes

Levels and vault maps discovered:
D:1:      amcnicky_arrival_double_pillar, layout_basic
D:2:      layout_loops_corners, minmay_misc_feat_square
D:3:      layout_loops_ring, nicolae_vehumet_radiance, uniq_ijyb, uniq_robin
D:4:      layout_loops_ring, makhleb_altar_promises_db, xom_butterflies,
          tso_altar, uniq_menkaure
D:5:      layout_basic, gammafunk_temple_overflow_claw,
          nicolae_overflow_crystal_walls, kennysheep_mini, uniq_grinder
D:6:      minmay_bubble_buster, layout_cave_pods, ashenzari_conservatory_becter,
          old_standard_altar, uniq_maggie
D:7:      layout_loops_ring, lemuel_doored_altar, lemuel_blue_sif_altar,
          minmay_temple_entry_from_below_a, enter_bailey_2, st_stairs_11,
          serial_park_tiny_2, hangedman_decor_lopped
D:8:      layout_loops_ring, mainiacjoe_overflow_alcove_2,
          amcnicky_altar_gilded, marbit_many_paths, dk_vineyard_2,
          grunt_livestock, uniq_harold, uniq_psyche
D:9:      layout_small_grid, erik_lair_island,
          kennysheep_orc_monster_closet_entryway
D:10:     layout_gridville, uniq_sonja, uniq_josephine, uniq_joseph
D:11:     layout_roguey, portal_ice_cave_rime
D:12:     layout_roguey, gauntlet_entry_generic, uniq_nessos, uniq_erolcha,
          uniq_jorgrun
D:13:     minmay_nested_s, layout_loops_corners, erik_vaults_2,
          hangedman_corner_corridor
D:14:     layout_gridville, minmay_misc_feat_enclosed, serial_shops,
          nicolae_shop_trees, grunt_qazlal_clouds, uniq_louise
D:15:     gammafunk_enter_depths_forms, layout_basic,
          nicolae_hepliaklqana_hazy_memory, grunt_decor_junction
Lair:1:   gammafunk_indiana_jones, layout_regular_city, beast_lair_carwin_2
Lair:2:   layout_roguey, spider_nest_entry_a, gammafunk_ghost_abyssal_escape,
          lemuel_fruit_fields
Lair:3:   layout_cave_pods, minivault_27, serial_bayou_shore_b
Lair:4:   layout_long_grid, minmay_swamp_entry_worms, minmay_lair_oklob_chamber,
          lemuel_fruit_tree
Lair:5:   layout_gridlike, minmay_slime_entry_oklob_open, grunt_megastairs_5,
          infiniplex_staircase_pool_2
Lair:6:   hangedman_lair_tendril_chambers, layout_cave_pods, lookout_lair_type,
          st_stairs_3, grunt_forest_small_clearings
Swamp:1:  layout_falls_marsh, gammafunk_ghost_cemetery, serial_swamp_ruin,
          evilmike_swamp_ruin_house_1, evilmike_swamp_ruin_rubble_1
Swamp:2:  layout_basic_swamp, evilmike_swamp_ruin_house_4, swamp_pool2,
          uniq_frances
Swamp:3:  layout_basic_swamp, lemuel_altar_in_water, swamp_pool3,
          infiniplex_staircase_pool
Swamp:4:  swamp_vile, layout_basic_swamp, uniq_kirke
Spider:1: layout_spider_delve, hangedman_spider_tarantella_strand
Spider:2: layout_spider_delve, ebering_ghost_reflecting_pool
Spider:3: layout_spider_delve, uniq_azrael
Spider:4: grunt_spider_rune_parallel, nicolae_spider_circle_web,
          spiders_nest_hornet_nest, uniq_arachne, uniq_nikola
Slime:1:  layout_caves
Slime:2:  layout_caves
Slime:3:  layout_caves
Slime:4:  layout_caves
Slime:5
Orc:1:    gammafunk_beogh_shrine, layout_caves, serial_shops, shop
Orc:2:    st_orc_open, layout_caves, uniq_saint_roka
Elf:1:    minmay_elf_arrival_summoners, layout_gridlike, minmay_elf_demonology
Elf:2:    nicolae_elf_blades_crystal_corner, layout_gridlike,
          nicolae_elf_glass_and_crystal_pillar_2, nicolae_elf_deep_friendship,
          lemuel_upstairs_altar, uniq_donald
Elf:3:    grunt_elf_hall_asides, layout_loops_corners,
          nicolae_gammafunk_elf_defective_weapons_storage, uniq_mara
Vaults:1: vaults_room_grunt_arrival_ludios, grunt_vaults_trifunnel,
          nicolae_vaults_three_branches, vaults_mumra_minichess,
          ontoclasm_vaults_claustrophobia, v_misc_32, hangedman_vaults_trim,
          vaults_dpeg_diagonal, layout_vaults_omnigrid, serial_shops,
          nicolae_diamond_shop
Vaults:2: vaults_dpeg_encased_lava, v_misc_4, nicolae_vaults_what_the_h,
          v_misc_13, vaults_standard_mumra_x, st_cells, v_misc_8,
          vaults_mumra_minichess_inversion, vaults_mumra_hexcomb,
          nicolae_vaults_diagonal_hallway_7, ontoclasm_vaults_ligature,
          nicolae_vaults_yaktaur_gun_rack, nicolae_vaults_shelves_hall,
          layout_vaults_omnicross, uniq_frederick
Vaults:3: emtedronai_trogs_sanctum, ontoclasm_vaults_spin, v_alt_pattern_2,
          minmay_crypt_entry_necro_gods, ontoclasm_vaults_ring_small,
          vaults_dpeg_spiral, nicolae_vaults_border_crossing,
          nicolae_vaults_sealed_display, vaults_mumra_chevron,
          layout_vaults_big_room, serial_shops, shop
Vaults:4: nicolae_vaults_little_squares_2, nicolae_vaults_specimen_jars,
          vaults_standard_mumra_enter_the_diamond, hangedman_vaults_capsules,
          v_misc_3, hangedman_vaults_impose, vaults_room_semicircle,
          hangedman_vaults_slice, grunt_vaults_hallway_short,
          hangedman_vaults_cutoff, layout_vaults_omnibox, uniq_margery,
          uniq_mennas
Vaults:5: serial_shops
Depths:1: layout_basic, ebering_dispersal_statue_hall, hellmouth_1,
          lemuel_nasty_fountain, minmay_shop_grove, serial_bayou_shore_b
Depths:2: kennysheep_big_flooded_room, layout_gridlike, kennysheep_boxes,
          hell_entry
Depths:3: minmay_polygon_palace, layout_basic, enter_ziggurat_d, minivault_11,
          serial_shops, nicolae_shop_window_shopping, grunt_pan_entry_zigzag,
          hell_entry, st_stairs_13, fedhas_altar_1,
          infiniplex_staircase_spiral_double, minmay_shoptagon
Depths:4: minmay_the_grid_triangle_9x9_recursive_3
          [minmay_the_grid_triangle_9x9_from_above,
          minmay_the_grid_triangle_9x9_skeleton,
          minmay_the_grid_triangle_9x9_zippers_horizontal,
          minmay_the_grid_triangle_9x9_prize_center,
          minmay_the_grid_triangle_9x9_steps,
          minmay_the_grid_triangle_9x9_warning,
          minmay_the_grid_triangle_9x9_semitri,
          minmay_the_grid_triangle_9x9_stretched_checkered,
          minmay_the_grid_triangle_9x9_shrine], layout_cave_shapes,
          grunt_hell_horde, abyss_entry, pdpol_wu_jian_five_deadly_venoms,
          kennysheep_generic_room_4
Depths:5: grunt_zot_entry_funnels, layout_cave_shapes, pan_entry,
          hangedman_tar_grid_catacomb, elyvilon_altar_3, minmay_shop_star,
          serial_bayou_shore_a, serial_bayou_shore_b
Zot:1:    layout_gridlike, zot_minivault_1, grunt_megastairs_4
Zot:2:    layout_misc_corridors
Zot:3:    layout_basic, uniq_tiamat
Zot:4:    layout_basic, nrook_zot_tub
Zot:5:    layout_twisted_circle

Skill      XL: |  1  2  3  4  5  6  7  8  9 10 11 12 13 14 15 16 17 18 19 20 21 22 23 24 25 26 27 |
---------------+----------------------------------------------------------------------------------+-----
Polearms       | 4 5 6 7 9 11 12 14 17 18 19 20 | 20.0
Armour         | 3 4 5 7 8 9 11 12 13 14 15 16 17 18 19 20 21 22 26 | 26.5
Fighting       | 4 5 6 7 9 10 11 13 14 15 16 17 18 19 20 21 22 26 | 26.6
Dodging        | 2 3 5 7 8 10 11 12 13 14 15 16 21 | 21.1
Evocations     | 1 5 6 7 9 10 18 | 18.6
Shields        | 3 7 9 10 11 12 13 14 15 | 15.0
Throwing       | 5 7 11 13 14 15 16 | 16.0

Action                   |  1- 3 |  4- 6 |  7- 9 | 10-12 | 13-15 | 16-18 | 19-21 | 22-24 | 25-27 || total
-------------------------+-------+-------+-------+-------+-------+-------+-------+-------+-------++-------
Melee: Spear             |   100 |   219 |   331 |   707 |  1930 |  2220 |   695 |   187 |    92 ||  6481
       Hunting sling     |       |     2 |       |       |       |       |       |       |       ||     2
       Unarmed           |       |       |       |     5 |       |       |       |       |       ||     5
       Trident           |       |       |       |       |    56 |   127 |    48 |       |       ||   231
       Glaive            |       |       |       |       |       |    25 |   930 |  1163 |  2969 ||  5087
 Fire: Hunting sling     |    11 |    65 |   127 |    68 |       |       |       |       |       ||   271
Throw: Boomerang         |       |       |       |     1 |     3 |     3 |    14 |     1 |    44 ||    66
       Dart              |       |       |       |     2 |     8 |    29 |     2 |       |     1 ||    42
       Javelin           |       |       |       |       |       |       |       |    13 |    35 ||    48
       Throwing net      |       |       |       |       |       |       |       |       |     1 ||     1
Invok: Trog's Hand       |       |     2 |     2 |     2 |     1 |     4 |     3 |     1 |       ||    15
       Brothers in Arms  |       |       |       |     1 |     1 |     1 |     1 |     2 |     5 ||    11
 Abil: Dig               |     1 |     1 |     3 |     7 |    34 |    40 |    42 |     4 |    37 ||   169
Evoke: Piece from Xom's  |       |       |     2 |       |       |       |       |       |       ||     2
       Wand              |       |       |       |    15 |       |     1 |     1 |       |     8 ||    25
  Use: Scroll            |       |     4 |     3 |     8 |     8 |     7 |       |       |    22 ||    52
       Potion            |       |     1 |     1 |     3 |     1 |       |     1 |       |    12 ||    19
 Stab: Sleeping          |     1 |       |       |       |       |       |       |       |       ||     1
       Petrified         |       |       |     5 |       |       |       |       |       |       ||     5
       Paralysed         |       |       |     4 |       |       |       |       |       |       ||     4
       Invisible         |       |       |     3 |     1 |       |       |       |       |       ||     4
       Confused          |       |       |       |     1 |       |       |       |       |       ||     1
       Held in net/web   |       |       |       |       |       |       |     4 |       |       ||     4
       Distracted        |       |       |       |       |       |       |       |     1 |       ||     1
Armor: Ring mail         |    19 |    30 |     7 |       |     1 |       |       |       |       ||    57
       Animal skin       |     1 |       |       |       |       |       |       |       |       ||     1
       Scale mail        |       |    28 |       |       |       |       |       |       |       ||    28
       Skin              |       |    12 |       |       |       |       |       |       |       ||    12
       Chain mail        |       |       |    64 |       |       |   194 |   190 |    82 |       ||   530
       Swamp dragon scal |       |       |     5 |     7 |       |       |       |       |       ||    12
       Plate armour      |       |       |       |   143 |   337 |    85 |       |    80 |    35 ||   680
       Gold dragon scale |       |       |       |       |       |       |       |       |   620 ||   620
Dodge: Dodged            |    42 |    73 |    74 |    96 |   230 |   403 |   366 |   276 |   671 ||  2231
Block: Kite shield       |       |       |       |   134 |   113 |       |       |       |       ||   247
       Tower shield      |       |       |       |       |   723 |  1268 |  1016 |   803 |  1707 ||  5517

Table legend: (Time is in decaauts)
 A = Elapsed time spent in this place.
 B = Non-inter-level travel time spent in this place.
 C = Inter-level travel time spent in this place.
 D = Time resting spent in this place.
 E = Time spent auto-exploring this place.
 F = Levels seen in this place.
 G = Mean time per level.
                   A        B        C        D        E       F      G
               +--------+--------+--------+--------+--------+-----+--------+
         Total |  75625 |  67237 |   8388 |  15810 |  25383 |  57 | 1326.8 |
       Dungeon |  21769 |  18312 |   3457 |   4242 |   7197 |  15 | 1451.3 |
          Lair |   8421 |   6905 |   1516 |   1045 |   3316 |   6 | 1403.5 |
         Swamp |   3924 |   3562 |    362 |    867 |   1548 |   4 |  981.0 |
   Spider Nest |   4786 |   4157 |    629 |    465 |   1584 |   4 | 1196.5 |
    Slime Pits |   2354 |   2280 |     74 |   1201 |      0 |   5 |  470.8 |
  Orcish Mines |   2684 |   2180 |    504 |    430 |    801 |   2 | 1342.0 |
   Elven Halls |   3994 |   3892 |    102 |    528 |   1903 |   3 | 1331.3 |
        Vaults |  10442 |   9541 |    901 |   2255 |   3638 |   5 | 2088.4 |
        Depths |   7220 |   6676 |    544 |   1706 |   2758 |   5 | 1444.0 |
           Zot |   7165 |   6870 |    295 |   2519 |   2511 |   5 | 1433.0 |
        Bailey |   1495 |   1495 |      0 |    427 |     52 |   1 | 1495.0 |
      Ice Cave |    953 |    953 |      0 |    100 |     75 |   1 |  953.0 |
      Gauntlet |    413 |    413 |      0 |     21 |      0 |   1 |  413.0 |
               +--------+--------+--------+--------+--------+-----+--------+

Top non-repeatable levels by time:
Vaults:5: 3204 daAuts
    D:13: 3114 daAuts
Vaults:4: 2700 daAuts
   Zot:5: 2442 daAuts
     D:3: 2418 daAuts
     D:4: 2008 daAuts
Spider:4: 1966 daAuts
     D:9: 1862 daAuts
  Lair:6: 1813 daAuts
Depths:4: 1657 daAuts
Vaults:1: 1655 daAuts
   Elf:2: 1610 daAuts
Depths:5: 1592 daAuts
Depths:3: 1575 daAuts
   Elf:3: 1563 daAuts
